 Dungeon Crawl Stone Soup version 0.28-a0-1033-g1a2f33fa85 (webtiles) character file.

Game seed: 9122089798871577018

1418 GoddamnPoopooFuck the Grasshopper (level 8, -8/64 HPs)
             Began as a Gnoll Warper on Dec 7, 2021.
             Mangled by an orc warrior (9 damage)
             ... on level 6 of the Dungeon on Dec 8, 2021.
             The game lasted 01:09:37 (5983 turns).

GoddamnPoopooFuck the Grasshopper (Gnoll Warper)    Turns: 5983, Time: 01:09:38

Health: -8/64      AC:  4    Str: 16    XL:     8   Next: 71%
Magic:  16/17      EV: 13    Int: 14    God:
Gold:   57         SH:  4    Dex: 11    Spells: 10/19 levels left

rFire   + + .      SeeInvis .   z - +5 long sword (holy)
rCold   . . .      Faith    .   (no shield)
rNeg    + + .      Spirit   .   t - +0 robe "Digy" {Rampage rF++ rN++}
rPois   .          Reflect  .   i - +2 hat
rElec   .          Harm     .   (no cloak)
rCorr   .          Rampage  +   (no gloves)
Will    .....                   (no boots)
Stlth   ++........              (no amulet)
HPRegen 0.20/turn               (no ring)
MPRegen 0.15/turn               (no ring)

@: mighty
A: fangs 1, strong nose, distributed training, large bone plates 1, clever 1,
strong 1
a: no special abilities


You were on level 6 of the Dungeon.
You visited 1 branch of the dungeon, and saw 6 of its levels.

You collected 337 gold pieces.
You spent 280 gold pieces at shops.

Inventory:

Hand Weapons
 a - a +0 falchion
 l - a +1 dagger of freezing
 r - a +1 rapier
 v - a +2 dagger of flaming
 y - a +0 triple crossbow
 z - a +5 long sword of holy wrath (weapon)
Missiles
 d - 2 boomerangs of dispersal (quivered)
 f - 5 poisoned darts
 g - 43 arrows
 h - 51 sling bullets
 m - 58 bolts
Armour
 b - a +0 leather armour
 e - a +2 ring mail of willpower
 i - a +2 hat (worn)
 t - the +0 robe "Digy" (worn) {Rampage rF++ rN++}
   (You took it off a kobold brigand on level 6 of the Dungeon)

   rF:        It greatly protects you from fire.
   rN:        It greatly protects you from negative energy.
   Rampage:   It bestows one free step when moving towards enemies.
Magical Staves
 B - a staff of fire
Wands
 n - a wand of flame (8)
 s - a wand of charming (15)
 w - a wand of digging (5)
Scrolls
 c - 2 scrolls of blinking
 k - 2 scrolls of teleportation
 A - 3 scrolls of identify
Potions
 j - a potion of attraction
 o - 3 potions of curing
 p - a potion of mutation
 q - a potion of flight


   Skills:
 + Level 5.8 Fighting
 + Level 3.5 Short Blades
 + Level 5.8 Long Blades
 + Level 3.5 Axes
 + Level 3.5 Maces & Flails
 + Level 3.5 Polearms
 + Level 3.5 Staves
 + Level 3.5 Slings
 + Level 3.5 Bows
 + Level 3.5 Crossbows
 + Level 4.4 Throwing
 + Level 4.4 Armour
 + Level 5.8 Dodging
 + Level 3.5 Stealth
 + Level 3.5 Shields
 + Level 3.5 Unarmed Combat
 + Level 6.2 Spellcasting
 + Level 2.9 Conjurations
 + Level 2.9 Hexes
 + Level 2.9 Summonings
 + Level 2.9 Necromancy
 + Level 6.2 Translocations
 + Level 2.9 Transmutations
 + Level 2.9 Fire Magic
 + Level 2.9 Ice Magic
 + Level 2.9 Air Magic
 + Level 2.9 Earth Magic
 + Level 2.9 Poison Magic
 + Level 3.9 Invocations
 + Level 3.5 Evocations


You had 10 spell levels left.
You knew the following spells:

 Your Spells              Type           Power      Damage    Failure   Level
a - Blink                 Tloc           42%        N/A       1%          2
b - Teleport Other        Tloc           21%        N/A       3%          3
c - Shock                 Conj/Air       48%        1d6       4%          1
d - Frozen Ramparts       Ice            24%        1d4       14%         3

Your spell library contained the following spells:

 Spells                   Type           Power      Damage    Failure   Level
 Gell's Gravitas          Tloc           21%        N/A       3%          3
 Lesser Beckoning         Tloc           21%        N/A       3%          3
 Sublimation of Blood     Necr           12%        N/A       7%          2
 Ozocubu's Armour         Ice            12%        N/A       14%         3
 Swiftness                Air            12%        N/A       14%         3
 Manifold Assault         Tloc           21%        N/A       32%         5
 Airstrike                Air            6%         N/A       43%         4
 Ice Form                 Ice/Tmut       12%        N/A       43%         4
 Petrify                  Tmut/Erth      12%        N/A       43%         4
 Summon Ice Beast         Ice/Summ       12%        N/A       43%         4
 Irradiate                Conj/Tmut      6%         3d16      78%         5
 Metabolic Englaciation   Hex/Ice        6%         N/A       78%         5
 Simulacrum               Ice/Necr       6%         N/A       100%        6


Dungeon Overview and Level Annotations

Branches:
Dungeon (6/15)
 Temple: D:4-7

Altars:

Shops:
D:1 *   D:5 !![=   D:6 ?![[[


Innate Abilities, Weirdness & Mutations

You have very sharp teeth.
Your uncanny sense of smell can sniff out nearby items.
Your experience applies equally to all skills.
You are partially covered in large bone plates. (SH +4)
Your mind is acute. (Int +2)
Your muscles are strong. (Str +2)


Message History

o - 3 potions of curing (gained 1)
h - 51 sling bullets (gained 17)
There is a large open door here.
There is an entrance to Ydigg's Antique Armour Shop here.
Casting: Frozen Ramparts (dangerous; 14% risk of failure)
Confirm with . or Enter, or press ? or * to list all spells.
Casting: Frozen Ramparts (dangerous; 14% risk of failure)
Press: ? - help, Dir - look around, f - activate The walls around you are covered in ice.
The orc warrior shouts!
Okay, then.
Okay, then.
The wall freezes the orc warrior.
The orc warrior hits you from afar with a +0 trident.
The wall freezes the orc warrior.
The orc warrior hits you from afar with a +0 trident!
The wall freezes the orc warrior.
The orc warrior hits you from afar with a +0 trident!!
The wall freezes the orc warrior.
The orc warrior hits you from afar with a +0 trident!
Your frozen ramparts will break if you move.
Continue?
Okay, then.
You feel much better.
The frozen ramparts melt away.
You block the orc warrior's attack.
The orc warrior hits you from afar with a +0 trident!
The orc warrior hits you with a +0 trident!
You slash the orc warrior! Your bite misses the orc warrior.
The orc warrior is heavily wounded.
The orc warrior misses you.
You barely miss the orc warrior.
The orc warrior is heavily wounded.
The orc warrior hits you with a +0 trident!
* * * LOW HITPOINT WARNING * * *
You feel very mighty all of a sudden.
The orc warrior hits you with a +0 trident!
* * * LOW HITPOINT WARNING * * *
You slash the orc warrior!
The orc warrior is almost dead.
The orc warrior hits you with a +0 trident!
You die...

....##.#.....##########
###.##.######.##...
....##.# #.##..# # #
######.## #.##..#.##.## #
#...# #.##..#...... #...#
#.......# #..8#
#.......##.#
#####...#####.##.o......
#......∩....#.##@#..###..
.................#..#
#......<....#.##.#..#
#####...#####.##....#
#..8# #........ #...#
####.#..... #...#
#.#.#### ##.## #.#.# ##
###.### #.. #


You could see an orc warrior.

Vanquished Creatures
  A sky beast (D:6)
  3 ogres
  A necrophage (D:5)
  A kobold brigand (D:6)
  A bullfrog (D:5)
  2 scorpions (D:6)
  3 bullfrog zombies
  A jelly (D:5)
  5 orc priests (D:3)
  3 bullfrog skeletons
  2 centaur skeletons
  4 iguanas
  5 adders
  2 shadow imps (D:3)
  3 white imps
  An ufetubus (D:3)
  An adder zombie (D:5)
  A worm (D:6)
  3 dart slugs
  8 orcs
  7 ball pythons
  3 endoplasms
  3 giant cockroaches
  5 goblins
  4 hobgoblins
  9 jackals
  15 kobolds
  3 quokkas
  5 bats
  A rat (D:1)
106 creatures vanquished.

Vanquished Creatures (collateral kills)
  A quokka (D:2)
  A rat (D:2)
2 creatures vanquished.

Vanquished Creatures (others)
  Eustachio (D:6)
  A kobold (D:6)
  2 plants (D:3)
4 creatures vanquished.

Grand Total: 112 creatures vanquished

Notes
Turn   | Place    | Note
-------+----------+-------------------------------------------
     0 | D:1      | GoddamnPoopooFuck the Gnoll Warper began the quest for the
                  | Orb.
     0 | D:1      | Reached XP level 1. HP: 20/20 MP: 6/6
    71 | D:1      | Reached XP level 2. HP: 19/26 MP: 7/7
    89 | D:1      | Found Syucs's General Store.
   461 | D:2      | Reached XP level 3. HP: 31/31 MP: 9/9
   483 | D:2      | Reached skill level 5 in Spellcasting
   498 | D:2      | Reached skill level 1 in Invocations
   658 | D:2      | Reached skill level 1 in Short Blades
   658 | D:2      | Reached skill level 1 in Axes
   658 | D:2      | Reached skill level 1 in Maces & Flails
   658 | D:2      | Reached skill level 1 in Polearms
   658 | D:2      | Reached skill level 1 in Staves
   658 | D:2      | Reached skill level 1 in Slings
   658 | D:2      | Reached skill level 1 in Bows
   658 | D:2      | Reached skill level 1 in Crossbows
   658 | D:2      | Reached skill level 1 in Stealth
   658 | D:2      | Reached skill level 1 in Shields
   658 | D:2      | Reached skill level 1 in Unarmed Combat
   658 | D:2      | Reached skill level 1 in Evocations
   848 | D:2      | Reached XP level 4. HP: 38/38 MP: 11/11
   962 | D:3      | Found a transporter.
   964 | D:3      | Found a transporter.
   975 | D:3      | Noticed an ogre
  1026 | D:2      | Learned a level 2 spell: Blink
  1364 | D:3      | Reached skill level 1 in Conjurations
  1364 | D:3      | Reached skill level 1 in Hexes
  1364 | D:3      | Reached skill level 1 in Summonings
  1364 | D:3      | Reached skill level 1 in Necromancy
  1364 | D:3      | Reached skill level 1 in Transmutations
  1364 | D:3      | Reached skill level 1 in Fire Magic
  1364 | D:3      | Reached skill level 1 in Ice Magic
  1364 | D:3      | Reached skill level 1 in Air Magic
  1364 | D:3      | Reached skill level 1 in Earth Magic
  1364 | D:3      | Reached skill level 1 in Poison Magic
  1373 | D:3      | Reached XP level 5. HP: 31/43 MP: 12/12
  1719 | D:3      | Killed an ogre
  1720 | D:3      | Reached XP level 6. HP: 50/50 MP: 14/14
  1756 | D:3      | Learned a level 3 spell: Teleport Other
  1765 | D:3      | Reached skill level 5 in Fighting
  1765 | D:3      | Reached skill level 5 in Long Blades
  1765 | D:3      | Reached skill level 5 in Dodging
  1886 | D:3      | HP: 2/51 [iguana (2)]
  2422 | D:5      | Entered Level 5 of the Dungeon
  2422 | D:5      | Noticed a necrophage
  2428 | D:5      | Found Peck's Distillery.
  2433 | D:5      | Found Enisch's Distillery.
  2433 | D:5      | Found Nurch's Jewellery Emporium.
  2434 | D:5      | Found Gima's Armour Emporium.
  2469 | D:5      | Bought a potion of curing for 42 gold pieces
  2469 | D:5      | Bought a potion of heal wounds for 70 gold pieces
  2469 | D:5      | Bought a potion of mutation for 112 gold pieces
  2470 | D:5      | Gained mutation: Your magical capacity is low. (-10% MP)
                  | [potion of mutation]
  2471 | D:5      | Lost mutation: Your magical capacity is low. (-10% MP)
                  | [potion of mutation]
  2471 | D:5      | Gained mutation: Your mind is acute. (Int +2) [potion of
                  | mutation]
  2471 | D:5      | Gained mutation: Your muscles are strong. (Str +2) [potion
                  | of mutation]
  2471 | D:5      | Gained mutation: You are partially covered in large bone
                  | plates. (SH +4) [potion of mutation]
  2673 | D:5      | Reached XP level 7. HP: 49/56 MP: 15/15
  2726 | D:6      | Learned a level 1 spell: Shock
  2997 | D:6      | Found Taenudd's Armour Shoppe.
  3030 | D:6      | Noticed Eustachio
  3710 | D:5      | Reached XP level 8. HP: 23/63 MP: 16/16
  4533 | D:6      | Your ally Eustachio died
  4645 | D:6      | Identified the +0 robe "Digy" {Rampage rF++ rN++}
  4950 | D:6      | Found Ydigg's Antique Armour Shop.
  4994 | D:6      | Found Uramoem's Distillery.
  5013 | D:6      | Bought a potion of might for 56 gold pieces
  5323 | D:6      | Learned a level 3 spell: Frozen Ramparts
  5701 | D:6      | Found Peokh's Magic Scroll Shoppe.
  5730 | D:6      | Identified a scroll of acquirement
  5731 | D:6      | Acquired a +5 long sword of holy wrath
  5858 | D:6      | Found Iruutiv's Antique Armour Shop.
  5982 | D:6      | HP: 1/64 [orc warrior (14)]
  5983 | D:6      | Mangled by an orc warrior

Illustrated notes

Levels and vault maps discovered:
D:1:      mrwooster_arrival_arrow, layout_rooms,
          chequers_ecumenical_altar_grove, serial_shops, shop,
          chequers_serial_rivers_large_a,
          nicolae_concentric_dashed_squares_mild, minmay_tetromino_i2
D:2:      minmay_chambers_of_ones, layout_basic, minmay_misc_feat_pillars
D:3:      gammafunk_wand_slinger, layout_basic
D:4:      layout_rooms
D:5:      layout_basic, minmay_shop_grid_forest, hangedman_decor_opposing
D:6:      layout_loops_cross, serial_shops, nicolae_diamond_shop,
          kennysheep_little_box, shop_fountains, shop_coins, shop_statue,
          cheibrodos_sewer_entry_bend, kennysheep_generic_room_6, uniq_eustachio

Skill      XL: |  1  2  3  4  5  6  7  8 |
---------------+-------------------------+-----
Spellcasting   | 5 6 |  6.2
Invocations    | 1 2 3 |  3.9
Short Blades   | 1 2 3 |  3.5
Axes           | 1 2 3 |  3.5
Maces & Flails | 1 2 3 |  3.5
Polearms       | 1 2 3 |  3.5
Staves         | 1 2 3 |  3.5
Slings         | 1 2 3 |  3.5
Bows           | 1 2 3 |  3.5
Crossbows      | 1 2 3 |  3.5
Stealth        | 1 2 3 |  3.5
Shields        | 1 2 3 |  3.5
Unarmed Combat | 1 2 3 |  3.5
Evocations     | 1 2 3 |  3.5
Conjurations   | 1 2 |  2.9
Hexes          | 1 2 |  2.9
Summonings     | 1 2 |  2.9
Necromancy     | 1 2 |  2.9
Transmutations | 1 2 |  2.9
Fire Magic     | 1 2 |  2.9
Ice Magic      | 1 2 |  2.9
Air Magic      | 1 2 |  2.9
Earth Magic    | 1 2 |  2.9
Poison Magic   | 1 2 |  2.9
Throwing       | 3 4 |  4.4
Armour         | 3 4 |  4.4
Fighting       | 5 |  5.8
Long Blades    | 5 |  5.8
Dodging        | 5 |  5.8
Translocations | 6 |  6.2

Action                   |  1- 3 |  4- 6 |  7- 9 || total
-------------------------+-------+-------+-------++-------
Melee: Falchion          |    94 |    10 |   135 ||   239
       Bite              |     7 |    19 |    11 ||    37
       Dagger            |    19 |   161 |       ||   180
       Punch             |       |     1 |     2 ||     3
       Rapier            |       |       |    51 ||    51
       Long sword        |       |       |     9 ||     9
       Triple crossbow   |       |       |     1 ||     1
 Fire: Triple crossbow   |       |       |    13 ||    13
Throw: Javelin           |     1 |    14 |       ||    15
       Boomerang         |     1 |     1 |     1 ||     3
       Dart              |       |       |     3 ||     3
 Cast: Blink             |       |     3 |     1 ||     4
       Teleport Other    |       |     1 |       ||     1
       Shock             |       |       |     3 ||     3
       Frozen Ramparts   |       |       |     2 ||     2
Evoke: Wand              |       |    12 |    19 ||    31
  Use: Scroll            |     1 |     2 |    11 ||    14
       Potion            |       |     5 |     7 ||    12
 Stab: Invisible         |       |     1 |     1 ||     2
Armor: Ring mail         |    51 |    55 |    53 ||   159
       Robe              |       |       |    10 ||    10
Dodge: Dodged            |    71 |    96 |   113 ||   280
Block: Other             |       |     2 |    28 ||    30

Table legend: (Time is in decaauts)
 A = Elapsed time spent in this place.
 B = Non-inter-level travel time spent in this place.
 C = Inter-level travel time spent in this place.
 D = Time resting spent in this place.
 E = Time spent auto-exploring this place.
 F = Levels seen in this place.
 G = Mean time per level.
                   A        B        C        D        E       F      G
               +--------+--------+--------+--------+--------+-----+--------+
         Total |   6014 |   6014 |      0 |   2304 |      0 |   6 | 1002.3 |
       Dungeon |   6014 |   6014 |      0 |   2304 |      0 |   6 | 1002.3 |
               +--------+--------+--------+--------+--------+-----+--------+

Top non-repeatable levels by time:
     D:6: 2110 daAuts
     D:5: 1490 daAuts
     D:3: 1011 daAuts
     D:2: 774 daAuts
     D:1: 435 daAuts
     D:4: 192 daAuts
